 Dungeon Crawl Stone Soup version 0.24-a0-513-g284f782df5 (webtiles) character file.

Game seed: 6877920830290544472

1393 AarnesTheHuman the Shield-Bearer (level 8, -7/83 HPs)
             Began as an Ogre Wizard on July 20, 2019.
             Was a Follower of Vehumet.
             Killed by divine providence
             ... invoked by an orc priest
              (12 damage)
             ... on level 8 of the Dungeon.
             The game lasted 01:21:37 (8761 turns).

AarnesTheHuman the Shield-Bearer (Ogre Wizard)      Turns: 8761, Time: 01:21:38

Health: -7/83      AC:  4    Str: 13    XL:     8   Next: 68%
Magic:  11/15      EV:  8    Int: 20    God:    Vehumet [*.....]
Gold:   398        SH: 11    Dex:  7    Spells: 15/16 levels left

rFire    + . .     SeeInvis .   r - +2 war axe (chop)
rCold    x . .     Gourm    .   s - +3 shield
rNeg     . . .     Faith    .   a - +1 robe
rPois    .         Spirit   .   b - +0 hat
rElec    .         Reflect  .   (no cloak)
rCorr    +         Harm     .   (gloves unavailable)
MR       .....                  (boots unavailable)
Stlth    +.........             p - amulet of the acrobat
HPRegen  0.23/turn              j - ring of resist corrosion
MPRegen  0.14/turn              v - ring of fire

@: lethally poisoned (-7 -> -14), about to teleport, very slightly contaminated
A: large, unfitting armour, tough skin 1
a: Renounce Religion


You were on level 8 of the Dungeon.
You worshipped Vehumet.
Vehumet was aware of your devotion.
You were not hungry.

You visited 2 branches of the dungeon, and saw 9 of its levels.

You collected 398 gold pieces.

Inventory:

Hand Weapons
 r - a +2 war axe of chopping (weapon)
Armour
 a - a +1 robe (worn)
 b - a +0 hat (worn)
 s - a +3 shield (worn)
Jewellery
 e - an uncursed ring of flight
 j - a ring of resist corrosion (left hand)
 p - an amulet of the acrobat (around neck)
 v - a ring of fire (right hand)
Wands
 h - a wand of clouds (4)
 m - a wand of random effects (28)
 x - a wand of polymorph (7)
Scrolls
 c - 3 scrolls of remove curse
 g - a scroll of identify
 i - a scroll of blinking
 l - a scroll of teleportation
 y - a scroll of amnesia
 z - a scroll of immolation
Potions
 f - 6 potions of curing
 k - a potion of haste
 q - a potion of invisibility
 t - 2 potions of agility
 u - 4 potions of brilliance
 w - a potion of heal wounds
Comestibles
 d - 10 rations
 o - 5 chunks of flesh


   Skills:
 + Level 5.7 Fighting
 + Level 4.4(4.5) Axes
   Level 1.4(3.1) Polearms
 - Level 1.7 Dodging
 - Level 1.4 Stealth
 * Level 5.8 Shields
 - Level 4.9 Spellcasting
 - Level 2.7 Conjurations
   Level 0.8 Summonings
   Level 0.8 Translocations


You had 15 spell levels left.
You knew the following spells:

 Your Spells              Type           Power        Failure   Level  Hunger
a - Magic Dart            Conj           ###.         7%          1    None

Your spell library contained the following spells:

 Spells                   Type           Power        Failure   Level  Hunger
 Sandblast                Erth           #.....       22%         1    None
 Blink                    Tloc           N/A          24%         2    #......
 Call Imp                 Summ           #.......     24%         2    #......
 Slow                     Hex            #.......     34%         2    #......
 Conjure Flame            Conj/Fire      ###.....     36%         3    ##.....
 Mephitic Cloud           Conj/Pois/Air  #.......     43%         3    ##.....


Dungeon Overview and Level Annotations

Branches:
Dungeon (8/15)             Temple (1/1) D:4
   Lair: D:8-11

Altars:
Ashenzari
Cheibriados
Dithmenos
Elyvilon
Fedhas
Gozag
Hepliaklqana
Kikubaaqudgha
Makhleb
Nemelex Xobeh
Okawaru
Qazlal
Ru
Sif Muna
Trog
Uskayaw
Vehumet
Wu Jian
Xom
Yredelemnul
Zin
The Shining One

Shops:
D:7 [

Annotations:
D:4 exclusions: upstairs and 1 more exclusion
D:5 exclusion: 2 upstairs


Innate Abilities, Weirdness & Mutations

You are too large for most types of armour.
You have tough skin. (AC +1)


Message History

The orc hits you from afar with a +0 trident.
The killer bee barely misses you. You block the orc's attack.
As you read the scroll of teleportation, it crumbles to dust.
You feel strangely unstable.
You feel sick.
The killer bee stings you but does no damage.
You block the killer bee's attack.
The orc priest mumbles some strange prayers to Beogh against you.
Beogh smites you!
* * * LOW HITPOINT WARNING * * *
The orc misses you. You block the killer bee's attack.
You completely miss the orc. You barely miss the killer bee.
The killer bee stings you.
* * * LOW HITPOINT WARNING * * *
You block the orc's attack. The killer bee stings you.
* * * LOW HITPOINT WARNING * * *
You are lethally poisoned!
The killer bee poisons you!
The orc priest calls down the wrath of Beogh upon you.
Beogh smites you!
You die...

############
#.yy@ooo....
#.##########
#.# #ยง# #.#
..# ####


You could see 2 killer bees, an orc priest and 2 orcs.

Vanquished Creatures
  An ice beast (D:7)
  2 ogres
  2 phantoms
  2 centaurs (D:5)
  A bullfrog zombie (D:5)
  A crimson imp (D:6)
  A hound (D:5)
  A jelly (D:5)
  4 orc priests
  2 orc wizards (D:6)
  Jessica (D:2)
  2 iguanas (D:5)
  Terence (D:3)
  6 worker ants
  A worker ant zombie (D:6)
  Robin (D:2)
  4 gnolls (D:4)
  3 adders
  A shadow imp (D:3)
  An ooze (D:2)
  3 worms
  A dart slug (D:2)
  7 leopard geckos
  19 orcs
  7 bats
  3 giant cockroaches
  15 goblins
  9 hobgoblins
  8 jackals
  3 quokkas
  3 ball pythons
  2 frilled lizards
  A giant cockroach zombie (D:5)
  6 kobolds
  A quokka skeleton (D:5)
  7 rats
133 creatures vanquished.

Notes
Turn   | Place    | Note
-------+----------+-------------------------------------------
     0 | D:1      | AarnesTheHuman the Ogre Wizard began the quest for the Orb.
     0 | D:1      | Reached XP level 1. HP: 16/16 MP: 5/5
   140 | D:1      | Reached skill level 1 in Conjurations
   261 | D:1      | Reached skill level 1 in Fighting
   261 | D:1      | Reached XP level 2. HP: 21/27 MP: 0/6
   907 | D:1      | Reached XP level 3. HP: 28/35 MP: 1/8
  1019 | D:2      | Noticed Jessica
  1087 | D:2      | Killed Jessica
  1154 | D:2      | Reached XP level 4. HP: 25/44 MP: 5/10
  1606 | D:2      | Noticed Robin
  1696 | D:2      | Killed Robin
  2906 | D:3      | Found a shattered altar of Ashenzari.
  2910 | D:3      | Found a deep blue altar of Sif Muna.
  2928 | D:3      | Reached XP level 5. HP: 53/53 MP: 9/11
  3148 | D:3      | Found a sacrificial altar of Ru.
  3541 | D:3      | Noticed Terence
  3559 | D:3      | Killed Terence
  3559 | D:3      | Reached skill level 1 in Polearms
  4109 | D:4      | Noticed a phantom
  4133 | D:4      | Killed a phantom
  4133 | D:4      | Reached skill level 1 in Axes
  4133 | D:4      | Reached skill level 1 in Shields
  4133 | D:4      | Reached XP level 6. HP: 59/62 MP: 1/13
  4643 | D:4      | Found a staircase to the Ecumenical Temple.
  4655 | Temple   | Entered the Ecumenical Temple
  4920 | Temple   | Became a worshipper of Vehumet
  5156 | D:5      | Entered Level 5 of the Dungeon
  5166 | D:5      | Noticed an orc warrior
  5270 | D:5      | Reached XP level 7. HP: 52/71 MP: 11/14
  5527 | D:5      | Found a sparkling altar of Nemelex Xobeh.
  5557 | D:5      | Found a bloodstained altar of Trog.
  5639 | D:4      | HP: 1/71 [orc warrior/+2 scimitar of electrocution (16)]
  6754 | D:5      | Reached XP level 8. HP: 11/79 MP: 12/15
  7541 | D:6      | Reached skill level 5 in Shields
  7601 | D:6      | Reached skill level 5 in Fighting
  7602 | D:6      | Reached * piety under Vehumet
  7602 | D:6      | Offered knowledge of Sandblast by Vehumet.
  7814 | D:6      | Found a glowing golden altar of the Shining One.
  7885 | D:6      | Found an iron altar of Okawaru.
  8069 | D:6      | Found an ancient bone altar of Kikubaaqudgha.
  8071 | D:6      | Found a shimmering altar of Xom.
  8071 | D:6      | Found a glowing silver altar of Zin.
  8073 | D:6      | Found a shadowy altar of Dithmenos.
  8073 | D:6      | Found a white marble altar of Elyvilon.
  8073 | D:6      | Found an opulent altar of Gozag.
  8381 | D:7      | Found Lalaf's Armour Shoppe.
  8761 | D:8      | Killed from afar by an orc priest

Levels and vault maps discovered:
D:1:      minmay_arrival_three_doors, layout_loops_cross
D:2:      layout_basic, uniq_jessica, uniq_robin
D:3:      layout_loops_corners, overflow_temple_1_default, marbit_many_paths,
          lemuel_crystal_altar, uniq_terence
D:4:      layout_loops_ring, minmay_temple_entry_proselytizer
D:5:      layout_basic, bloody_trog, nemelex_altar_shiori, first_ration
D:6:      layout_loops_ring, nicolae_tso_swordbearing_angel,
          doesnt_xom_only_xom, kennysheep_little_box
D:7:      layout_loops_ring, serial_shops, shop, the_bakery,
          grunt_dithmenos_smoke
D:8:      layout_basic, nicolae_gozag_zags_fifth_avenue, columned_hall_lemuel,
          jmf_multi_god_temple2, uniq_joseph
Temple:   nicolae_temple_figure_eight

Skill      XL: |  1  2  3  4  5  6  7  8 |
---------------+-------------------------+-----
Conjurations   | 1 2 |  2.7
Fighting       | 1 2 3 4 5 |  5.7
Spellcasting   | 4 |  4.9
Polearms       | 1 |  1.4
Axes           | 1 2 3 4 |  4.4
Shields        | 1 2 4 5 |  5.8
Dodging        | |  1.7
Stealth        | |  1.4
Summonings     | |  0.8
Translocations | |  0.8

Action                   |  1- 3 |  4- 6 |  7- 9 || total
-------------------------+-------+-------+-------++-------
Melee: Unarmed           |    21 |       |       ||    21
       Dagger            |    23 |    35 |       ||    58
       Spear             |       |    56 |       ||    56
       War axe           |       |    46 |   140 ||   186
 Cast: Magic Dart        |    56 |   171 |    90 ||   317
  Use: Scroll            |       |    13 |     4 ||    17
 Stab: Sleeping          |       |     1 |       ||     1
  Eat: Chunk             |     1 |     9 |     4 ||    14
       Ration            |       |     1 |     2 ||     3
Armor: Robe              |    13 |    16 |    19 ||    48
Dodge: Dodged            |    31 |    59 |    60 ||   150
Block: Shield            |       |    17 |    99 ||   116

Table legend:
 A = Non-vault XP
 B = Vault XP
 C = Vault XP percentage of total XP
 D = Non-vault monster count
 E = Vault monster count
 F = Vault count percentage of total count
                 A         B        C        D         E       F
            +---------+---------+-------+---------+---------+-------
      Total |    1826 |     165 |   8.3 |     118 |      15 |  11.3
            +---------+---------+-------+---------+---------+-------
        D:1 |      27 |      11 |  28.9 |      15 |       6 |  28.6
        D:2 |      61 |      61 |  50.0 |      20 |       6 |  23.1
        D:3 |      49 |      50 |  50.5 |      19 |       2 |   9.5
        D:4 |     375 |      43 |  10.3 |      10 |       1 |   9.1
        D:5 |     706 |       0 |   0.0 |      21 |       0 |   0.0
        D:6 |     404 |       0 |   0.0 |      20 |       0 |   0.0
        D:7 |     204 |       0 |   0.0 |      13 |       0 |   0.0
            +---------+---------+-------+---------+---------+-------
